 Dungeon Crawl Stone Soup version 0.26.1-2-gb8aa6d0cf2 (webtiles) character file.

Game seed: 16847458075458244716

554679 DwarfAlpaca the Slayer (level 25, -5/252 HPs)
             Began as a Palentonga Fighter on Mar 24, 2021.
             Was the Champion of Okawaru.
             Slain by a death scarab (18 damage)
             ... while paralysed
             ... on level 2 of the Tomb of the Ancients.
             The game lasted 04:59:34 (61656 turns).

DwarfAlpaca the Slayer (Palentonga Fighter)        Turns: 61656, Time: 04:59:35

Health: -5/252     AC: 59    Str: 35      XL:     25   Next: 66%
Magic:  24/24      EV:  1    Int:  0 (5)  God:    Okawaru [******]
Gold:   4613       SH:  0    Dex: 15 (18) Spells: 24/24 levels left

rFire    . . .     SeeInvis +   x - +11 mace of Context {freeze, rC+ Stlth+}
rCold    + . .     Faith    +   w - +4 kite shield "Geciq" {rCorr Int-3 Dex+4}
rNeg     + + +     Spirit   .   I - +13 crystal plate armour "Daybaun" {Regen+ Dex+4}
rPois    +         Reflect  .   F - +2 helmet
rElec    +         Harm     .   y - +2 ratskin cloak {*Rats rPois rN+ Str-1 Int-1 Dex+1}
rCorr    +         Rampage  .   u - +0 pair of gloves {Dex+3}
Will     +++..                  G - +0 barding of Trumpets {rN++ Regen+}
Stlth    ..........             A - amulet "Viopsodd" {Faith rElec Will++ Dex-5 Stlth+}
HPRegen  1.32/turn              D - +4 ring of slaying
MPRegen  0.19/turn              L - +6 ring of strength

@: paralysed, hasted and slowed, lost intelligence, curled up
A: large, claws 1, rugged brown scales 3, see invisible, blink, deformed body,
low mp 1, poison resistance, roll 1, armoured tail, reflexive curl
}: 2/15 runes: decaying, gossamer
a: Rolling Charge, Blink, Renounce Religion, Heroism, Finesse


You were on level 2 of the Tomb of the Ancients.
You worshipped Okawaru.
Okawaru was exalted by your worship.
You visited 11 branches of the dungeon, and saw 49 of its levels.
You visited 1 bazaar.
You also visited: Gauntlet.

You collected 7990 gold pieces.
You spent 3377 gold pieces at shops.

Inventory:

Hand Weapons
 x - the +11 mace of Context (weapon) {freeze, rC+ Stlth+}
   (You found it on level 5 of the Dungeon)

   It has been specially enchanted to freeze those struck by it, causing extra
   injury to most foes and up to half again as much damage against particularly
   susceptible opponents.
   It can also slow down cold-blooded creatures.
   It protects you from cold.
   It makes you more stealthy.
Armour
 u - a +0 pair of gloves of dexterity (worn)
 w - the +4 kite shield "Geciq" (worn) {rCorr Int-3 Dex+4}
   (Okawaru gifted it to you on level 4 of the Vaults)

   It affects your intelligence (-3).
   It affects your dexterity (+4).
   It provides partial protection from all sources of acid and corrosion.
 y - the +2 ratskin cloak (worn) {*Rats rPois rN+ Str-1 Int-1 Dex+1}
   (You bought it in a shop on level 2 of the Orcish Mines)

   It affects your strength (-1).
   It affects your intelligence (-1).
   It affects your dexterity (+1).
   It protects you from poison.
   It protects you from negative energy.
 z - a +3 tower shield of protection
 F - a +2 helmet (worn)
 G - the +0 barding of Trumpets (worn) {rN++ Regen+}
   (Okawaru gifted it to you on level 1 of the Spider Nest)

   It greatly protects you from negative energy.
   It increases your rate of regeneration.
 I - the +13 crystal plate armour "Daybaun" (worn) {Regen+ Dex+4}
   (Okawaru gifted it to you on level 1 of the Vaults)

   It affects your dexterity (+4).
   It increases your rate of regeneration.
 J - the +0 barding of the Tired Knives {rCorr Str+3}
   (Okawaru gifted it to you on level 2 of the Depths)

   It affects your strength (+3).
   It provides partial protection from all sources of acid and corrosion.
Jewellery
 A - the amulet "Viopsodd" (around neck) {Faith rElec Will++ Dex-5 Stlth+}
   (You found it on level 3 of the Swamp)

   [amulet of faith]

   It allows you to gain divine favour quickly.
   It affects your dexterity (-5).
   It insulates you from electricity.
   It affects your willpower, your defense against some magical effects.
   It makes you more stealthy.
 D - a +4 ring of slaying (left hand)
 L - a +6 ring of strength (right hand)
 S - the amulet of Liceabbo {Faith rF+ Dex+4}
   (You took it off a fire giant on level 2 of the Depths)

   [amulet of faith]

   It allows you to gain divine favour quickly.
   It affects your dexterity (+4).
   It protects you from fire.
 U - an uncursed ring of protection from fire
 X - a +4 ring of protection
Wands
 Y - a wand of digging (11)
Scrolls
 a - 5 scrolls of fear
 c - a scroll of summoning
 f - 29 scrolls of teleportation
 g - 31 scrolls of remove curse
 k - 11 scrolls of fog
 l - 16 scrolls of enchant weapon
 m - 19 scrolls of identify
 n - 9 scrolls of enchant armour
 o - 8 scrolls of immolation
 p - 7 scrolls of amnesia
 q - a scroll of brand weapon
 v - 9 scrolls of magic mapping
 C - 3 scrolls of holy word
 E - 2 scrolls of silence
Potions
 d - 7 potions of might
 e - 7 potions of brilliance
 h - 4 potions of cancellation
 i - 17 potions of curing
 j - 9 potions of ambrosia
 r - 4 potions of flight
 s - 4 potions of invisibility
 t - 10 potions of heal wounds
 B - 8 potions of berserk rage
 K - 7 potions of lignification
 M - a potion of resistance
 P - 9 potions of mutation
 T - 2 potions of haste
 Z - a potion of magic
Miscellaneous
 b - a phantom mirror


   Skills:
 + Level 21.6 Fighting
 - Level 5.7 Long Blades
 + Level 21.2 Maces & Flails
 + Level 19.0 Armour
 - Level 1.9 Dodging
 - Level 0.3 Stealth
 + Level 18.9 Shields
 - Level 5.5 Invocations


You had 24 spell levels left.
You didn't know any spells.
Your spell library contained the following spells:

 Spells                   Type           Power        Failure   Level
 Animate Skeleton         Necr           0%           99%         1
 Apportation              Tloc           0%           99%         1
 Corona                   Hex            0%           99%         1
 Foxfire                  Conj/Fire      0%           99%         1
 Freeze                   Ice            0%           99%         1
 Magic Dart               Conj           0%           99%         1
 Sandblast                Erth           0%           99%         1
 Sting                    Tmut/Pois      0%           99%         1
 Blink                    Tloc           N/A          100%        2
 Corpse Rot               Necr/Air       N/A          100%        2
 Ensorcelled Hibernation  Hex/Ice        0%           100%        2
 Poisonous Vapours        Pois/Air       0%           100%        2
 Searing Ray              Conj           0%           100%        2
 Slow                     Hex            0%           100%        2
 Sublimation of Blood     Necr           0%           100%        2
 Swiftness                Air            0%           100%        2
 Confusing Touch          Hex            0%           100%        3
 Conjure Flame            Conj/Fire      0%           100%        3
 Dazzling Flash           Conj/Hex       0%           100%        3
 Frozen Ramparts          Ice            0%           100%        3
 Gell's Gravitas          Tloc           0%           100%        3
 Ignite Poison            Fire/Tmut/Pois 0%           100%        3
 Inner Flame              Hex/Fire       0%           100%        3
 Lesser Beckoning         Tloc           0%           100%        3
 Mephitic Cloud           Conj/Pois/Air  0%           100%        3
 Ozocubu's Armour         Ice            0%           100%        3
 Static Discharge         Conj/Air       0%           100%        3
 Teleport Other           Tloc           0%           100%        3
 Tukima's Dance           Hex            0%           100%        3
 Vampiric Draining        Necr           0%           100%        3
 Airstrike                Air            0%           100%        4
 Animate Dead             Necr           0%           100%        4
 Cause Fear               Hex            0%           100%        4
 Dispel Undead            Necr           0%           100%        4
 Fulminant Prism          Conj/Hex       0%           100%        4
 Hailstorm                Conj/Ice       0%           100%        4
 Ice Form                 Ice/Tmut       0%           100%        4
 Iskenderun's Mystic Bla  Conj/Tloc      0%           100%        4
 Leda's Liquefaction      Hex/Erth       0%           100%        4
 Olgreb's Toxic Radiance  Pois           0%           100%        4
 Passage of Golubria      Tloc           N/A          100%        4
 Petrify                  Tmut/Erth      0%           100%        4
 Summon Ice Beast         Ice/Summ       0%           100%        4
 Summon Lightning Spire   Summ/Air       0%           100%        4
 Agony                    Necr           0%           100%        5
 Alistair's Intoxication  Tmut/Pois      0%           100%        5
 Excruciating Wounds      Necr           0%           100%        5
 Irradiate                Conj/Tmut      0%           100%        5
 Metabolic Englaciation   Hex/Ice        0%           100%        5
 Silence                  Hex/Air        0%           100%        5
 Summon Demon             Summ           0%           100%        5
 Summon Forest            Summ/Tloc      0%           100%        5
 Yara's Violent Unravell  Hex/Tmut       0%           100%        5
 Conjure Ball Lightning   Conj/Air       0%           100%        6
 Freezing Cloud           Conj/Ice/Air   0%           100%        6
 Hydra Form               Tmut           0%           100%        6
 Iron Shot                Conj/Erth      0%           100%        6
 Ozocubu's Refrigeration  Ice            0%           100%        6
 Simulacrum               Ice/Necr       0%           100%        6
 Statue Form              Tmut/Erth      0%           100%        6
 Dragon Form              Tmut           0%           100%        7
 Malign Gateway           Summ/Tloc      0%           100%        7
 Monstrous Menagerie      Summ           0%           100%        7
 Spellforged Servitor     Conj/Summ      0%           100%        7
 Summon Greater Demon     Summ           0%           100%        7
 Discord                  Hex            0%           100%        8
 Summon Horrible Things   Summ           0%           100%        8
 Tornado                  Air            0%           100%        9


Dungeon Overview and Level Annotations

Branches:
Dungeon (15/15)            Temple (1/1) D:4            Lair (6/6) D:8
  Swamp (4/4) Lair:4       Spider (4/4) Lair:4        Slime (0/5) Lair:6
    Orc (2/2) D:11            Elf (3/3) Orc:2        Vaults (4/5) D:13
  Crypt (3/3) Vaults:2       Tomb (2/3) Crypt:3      Depths (5/5) D:15
    Zot (0/5) Depths:5    Gauntlet (visited)

Altars:
Ashenzari
Cheibriados
Dithmenos
Elyvilon
Fedhas
Gozag
Hepliaklqana
Kikubaaqudgha
Makhleb
Nemelex Xobeh
Okawaru
Qazlal
Ru
Sif Muna
Trog
Uskayaw
Vehumet
Wu Jian
Xom
Yredelemnul
Zin
The Shining One
Beogh
Jiyva
Lugonu

Shops:
D:6 *   D:11 *   D:12 :   D:13 [   Orc:2 ?=[:   Elf:1 (   Elf:3 !}(
Vaults:2 ?   Depths:2 [:   Depths:5 }=}

Portals:
Hell: Depths:1 Depths:2 Depths:3 Depths:4 Depths:5
Abyss: Depths:1 Depths:4
Pandemonium: Depths:1 Depths:3
Ziggurat: Depths:3
Trove: D:14 (give +3 storm dragon scales)

Annotations:
D:11 exclusion: obsidian statue
Elf:2 2 transporters, Hiliwumm's ghost, veteran MiGl


Innate Abilities, Weirdness & Mutations

You are completely covered in rugged brown scales. (AC +3, +7% HP)
You have supernaturally acute eyesight. (SInv)
Armour fits poorly on your strangely shaped body.
You can roll at nearby foes to attack.
You have a long armoured tail.
You curl defensively after being hit.
You have sharp fingernails.
You can translocate small distances at will.
Your magical capacity is low. (-10% MP)
Your system is resistant to poisons. (rPois)


Message History

You feel dopey.
You have lost your intelligence.
A mummy comes into view.
The mummy priest prays to its god.
The death scarab bites you but does no damage.
The ushabti shakes and rattles deafeningly!
The death scarab bites you but does no damage. x2
You hear a hideous shriek!
The death scarab completely misses you.
The death scarab bites you but does no damage. x5
The death scarab bites you!
* * * LOW HITPOINT WARNING * * *
The death scarab drains your vigour!
You feel as though you will be slow longer.
You hear a loud "Zot"!
The death scarab bites you but does no damage. x2
The death scarab bites you.
* * * LOW HITPOINT WARNING * * *
The death scarab bites you but does no damage. x2
The death scarab bites you!!
You die...

######## #####
#....BB#^.....
#...BB@M...MM.
#^...2B#8M..M.
#.☼.zB.# .M...
######L##########
.....4MBZ§☼.......
.....4WL°Z○.......
#......§§○°zM.......
#.......##sZ...##..?
#...B..# #.!#..#


You could see a cacodemon, a revenant, a mummy priest, a skeletal warrior, an
orange demon (summoned), a guardian mummy, an ushabti (catching breath), a
freezing wraith (summoned), 7 death scarabs, a red devil (summoned) and 5
mummies.

Vanquished Creatures
  An ancient lich (Depths:3)
  A royal mummy (Tomb:1)
  Frederick (Vaults:3)
  5 caustic shrikes
  Jory (Depths:4)
  2 golden dragons
  A bone dragon (Depths:5)
  A tentacled monstrosity (Depths:3)
  4 liches (Depths:3)
  2 titans
  6 deep elf blademasters
  2 deep elf master archers (Elf:3)
  7 ancient champions
  Frances (D:12)
  11 sphinxes
  5 tengu reavers
  2 thorn hunters (Swamp:4)
  2 storm dragons
  3 revenants
  9 shadow dragons
  A draconian monk (Depths:5)
  2 daevas (Depths:4)
  2 fenstrider witches (Swamp:4)
  8 deep elf sorcerers
  7 frost giants
  7 ghost moths
  8 fire giants
  The ghost of Joqeck the Warrior, a journeyman HaHu of Okawaru (Lair:5)
  4 vault wardens
  3 emperor scorpions
  A cacodemon (Depths:1)
  2 draconian stormcallers (Depths:5)
  4 curse skulls
  11 ghouls
  19 stone giants
  5 deep elf elementalists
  11 ironheart preservers
  A reaper (Crypt:2)
  A war gargoyle (Vaults:4)
  20 very ugly things
  A spriggan defender (Depths:5)
  9 vampire knights
  A purple draconian (Depths:5)
  4 entropy weavers
  3 deep elf demonologists
  3 green draconians (Depths:5)
  An entropy weaver (shapeshifter) (D:13)
  Azrael (Elf:2)
  6 spark wasps
  3 bunyips
  A minotaur (Gauntlet)
  6 deep elf annihilators
  2 white draconians (Depths:5)
  9 eidola
  A blizzard demon (Depths:3)
  Snorg (Orc:2)
  A merfolk javelineer (Depths:5)
  3 mummy priests
  3 eleionomae
  8 ettins
  3 deep elf high priests
  8 fire dragons
  10 deep elf death magi
  6 jiangshi
  7 yaktaur captains
  10 boulder beetles
  9 great orbs of eyes
  4 vault guards
  A catoblepas (Lair:6)
  14 ice dragons
  5 rakshasas
  A hell beast (Depths:1)
  23 hydras
  2 spriggan air magi
  An ice dragon (shapeshifter) (Depths:2)
  6 centaur warriors
  6 tengu warriors
  A death knight (Crypt:1)
  A ghost crab (Swamp:3)
  6 alligators
  2 death yaks (Lair:3)
  A queen ant (Spider:1)
  51 two-headed ogres
  12 ogre magi
  24 dancing weapons
  3 death scarabs (Tomb:1)
  4 deep troll shamans
  5 deep troll earth magi
  5 orc high priests
  4 spriggan berserkers
  7 vampire magi
  20 deep elf knights
  A soul eater (Crypt:2)
  A thrashing horror (Gauntlet)
  6 hell knights (Depths:3)
  An iron troll (Depths:1)
  A shadow wraith (Depths:3)
  3 storm dragon zombies
  25 skeletal warriors
  A sea snake (shapeshifter) (Depths:3)
  2 ghost moth zombies
  A golden dragon zombie (Crypt:3)
  6 unseen horrors
  A flayed ghost (Vaults:3)
  A torturous demonspawn (Depths:1)
  2 goliath frogs
  An unseen horror (shapeshifter) (Depths:5)
  28 deep trolls
  13 deep elf archers
  4 glowing orange brains
  10 swamp dragons
  4 spriggan druids
  13 phantasmal warriors
  Pikel (D:6)
  6 bog bodies
  16 ironbrand convokers
  A bunyip skeleton (Crypt:1)
  4 lindwurms (Lair:4)
  5 wizards
  An iron dragon zombie (Crypt:3)
  3 harpies (Vaults:3)
  An orb spider (shapeshifter) (Vaults:1)
  8 necromancers
  14 orc knights
  18 orb spiders
  3 fire giant zombies
  2 stone giant zombies (Crypt:3)
  41 ugly things
  64 deep elf magi
  4 will-o-the-wisps
  29 wolf spiders
  A frost giant zombie (Crypt:3)
  5 orc sorcerers
  A manticore (shapeshifter) (Vaults:3)
  A manticore (D:13)
  27 elephants
  2 moths of wrath
  11 cyclopes
  A black mamba (Lair:1)
  A shock serpent zombie (Crypt:3)
  2 dire elephant zombies
  A smoke demon (Depths:3)
  Maurice (D:11)
  A frost giant skeleton (Depths:3)
  2 guardian serpents (shapeshifter)
  13 vault sentinels
  An orange demon (Depths:1)
  25 cane toads
  2 torpor snails
  A black draconian zombie (Crypt:2)
  A gargoyle (D:11)
  A cane toad (shapeshifter) (D:15)
  Psyche (D:12)
  2 rime drakes
  An efreet (D:15)
  10 demonic crawlers
  8 komodo dragons
  A komodo dragon (shapeshifter) (Vaults:3)
  41 yaktaurs
  3 kobold demonologists
  A black draconian skeleton (Crypt:2)
  12 freezing wraiths
  2 tengu conjurers
  A harpy zombie (Crypt:2)
  A white draconian skeleton (Crypt:1)
  10 hellwings
  7 guardian mummies
  26 hornets
  A sea snake skeleton (Crypt:2)
  6 trolls
  4 red devils
  26 jumping spiders
  2 polar bears
  3 hydra zombies
  A troll (shapeshifter) (Depths:5)
  Grinder (D:5)
  13 tyrant leeches
  24 blink frogs
  A harpy skeleton (Crypt:2)
  An ettin zombie (Crypt:3)
  23 slime creatures
  4 dream sheep (Lair:5)
  3 spriggan zombies
  2 fire dragon zombies (Crypt:3)
  6 flying skulls
  3 centaur simulacra
  An air elemental (Elf:1)
  3 meliai zombies
  23 tarantellas
  67 redbacks
  A shadow (D:15)
  45 yaks
  14 spriggans
  A vampire (D:10)
  A tarantella (shapeshifter) (Vaults:2)
  3 water elementals
  4 fire elementals
  A yak (shapeshifter) (D:11)
  3 wyverns
  11 wraiths
  A golden eye (shapeshifter) (Vaults:1)
  2 ushabtiu (Tomb:1)
  21 vampire mosquitoes
  A chaos spawn (Depths:1)
  A neqoxec (Depths:3)
  4 wargs
  24 soldier ants
  2 acid dragons
  10 swamp worms
  2 hell hounds (Elf:2)
  Duvessa (D:7)
  20 water moccasins
  A water nymph skeleton (Crypt:1)
  A floating eye (Depths:3)
  7 swamp drakes (Swamp:4)
  4 black bears
  33 orc warriors
  3 ice beasts
  An ettin simulacrum (Vaults:1)
  2 snapping turtle zombies (Crypt:3)
  32 ogres
  6 sky beasts
  An eye of draining (shapeshifter) (Depths:3)
  6 necrophages
  4 phantoms
  25 wolves
  6 boggarts
  11 small abominations
  A rime drake zombie (Crypt:2)
  23 centaurs
  A yaktaur zombie (Crypt:1)
  28 bullfrogs
  3 big kobolds (D:15)
  An earth elemental (Elf:2)
  Dowan (D:7)
  5 wyvern skeletons (Crypt:3)
  3 scorpions
  A hornet simulacrum (Gauntlet)
  10 killer bees
  31 wights
  6 howler monkeys
  2 electric eels
  7 crimson imps
  A basilisk zombie (Crypt:2)
  2 quasits (Depths:1)
  4 bullfrog zombies
  5 centaur zombies
  6 hounds
  8 jellies
  2 wyvern simulacra
  2 bullfrog skeletons (D:13)
  31 orc wizards
  4 iron imps
  16 orc priests
  Crazy Yiuf (D:7)
  9 iguanas
  Terence (D:3)
  7 centaur skeletons
  30 worker ants
  A bullfrog simulacrum (Gauntlet)
  A hound zombie (D:9)
  A hound skeleton (D:10)
  5 mummies
  4 worker ant zombies
  14 adders
  2 shadow imps (D:7)
  6 white imps
  An ufetubus (Depths:1)
  4 oozes
  2 worms
  3 leopard geckos
  92 orcs
  3 ball pythons
  6 giant cockroaches
  3 goblins
  7 hobgoblins
  6 jackals
  8 kobolds
  4 quokkas
  8 bats
  3 frilled lizards
  A gnoll skeleton (Crypt:1)
  A leopard gecko skeleton (D:8)
  A quokka skeleton (Crypt:1)
  9 rats
  14 briar patches (Swamp:3)
  A bush (Lair:6)
  2 crawling corpses (Depths:3)
2087 creatures vanquished.

Vanquished Creatures (collateral kills)
  A sphinx (Depths:3)
  A deep elf demonologist (Depths:3)
  A ghost crab (Swamp:3)
  A two-headed ogre (Vaults:1)
  A deep troll (Depths:3)
  An ugly thing (Vaults:3)
6 creatures vanquished.

Vanquished Creatures (others)
  2 alligators (Swamp:3)
  A spriggan berserker (Depths:5)
  A demonic crawler (Spider:3)
  A bloated husk (Swamp:1)
  A spriggan (Swamp:3)
  2 swamp worms (Swamp:3)
  An ogre (Depths:2)
  A worker ant (Spider:2)
  An orc (Elf:1)
  A briar patch (Swamp:3)
  2 bushes (Lair:6)
  14 foxfires
  23 fungi
  172 plants
  19 withered plants (Crypt:3)
242 creatures vanquished.

Grand Total: 2335 creatures vanquished

Notes
Turn   | Place    | Note
-------+----------+-------------------------------------------
     0 | D:1      | DwarfAlpaca the Palentonga Fighter began the quest for the
                  | Orb.
     0 | D:1      | Reached XP level 1. HP: 20/20 MP: 1/1
   648 | D:1      | Reached XP level 2. HP: 27/27 MP: 2/2
   895 | D:2      | Found a blossoming altar of Fedhas.
   973 | D:2      | Reached XP level 3. HP: 33/33 MP: 3/3
  1431 | D:2      | Reached XP level 4. HP: 40/40 MP: 4/4
  1576 | D:2      | Found a snail-covered altar of Cheibriados.
  1697 | D:3      | Found an ornate altar of the Wu Jian Council.
  1702 | D:3      | Noticed a spectral centipede
  1702 | D:3      | Noticed a spectral black mamba
  1702 | D:3      | Noticed a spectral cane toad
  1740 | D:3      | Found a hazy altar of Hepliaklqana.
  1845 | D:3      | Noticed Terence
  1852 | D:3      | Killed Terence
  1986 | D:1      | Reached XP level 5. HP: 28/48 MP: 5/5
  2444 | D:3      | Reached XP level 6. HP: 44/55 MP: 6/6
  2525 | D:3      | Found a shimmering blue altar of Sif Muna.
  2657 | D:5      | Entered Level 5 of the Dungeon
  3246 | D:4      | Reached skill level 1 in Dodging
  3448 | D:4      | Found a burning altar of Makhleb.
  3662 | D:4      | Found a staircase to the Ecumenical Temple.
  3668 | Temple   | Entered the Ecumenical Temple
  3919 | D:5      | Got an encrusted mace
  3920 | D:5      | Noticed a sky beast
  3994 | D:5      | Found a broken altar of Ashenzari.
  3995 | D:5      | Noticed Grinder
  4013 | D:5      | Killed a sky beast
  4014 | D:5      | Reached skill level 5 in Long Blades
  4014 | D:5      | Gained mutation: You curl defensively after being hit.
                  | [Palentonga growth]
  4014 | D:5      | Reached XP level 7. HP: 62/62 MP: 7/7
  4629 | D:6      | Found Buidine's Assorted Antiques.
  5031 | D:6      | Found a bloodstained altar of Trog.
  5031 | D:6      | Found an iron altar of Okawaru.
  5046 | D:6      | Became a worshipper of Warmaster Okawaru
  5119 | D:6      | Identified the +11 mace of Context {freeze, rC+ Stlth+}
                  | (You found it on level 5 of the Dungeon)
  5164 | D:6      | Found a radiant altar of Vehumet.
  5164 | D:6      | Found an ancient bone altar of Kikubaaqudgha.
  5324 | D:6      | Noticed Pikel
  5350 | D:6      | Killed Pikel
  5350 | D:6      | Reached * piety under Okawaru
  5351 | D:6      | Reached skill level 5 in Armour
  5351 | D:6      | Reached XP level 8. HP: 63/71 MP: 8/8
  5428 | D:6      | Found an opulent altar of Gozag.
  5428 | D:6      | Found a sparkling altar of Nemelex Xobeh.
  5615 | D:5      | Paralysed by Grinder for 2 turns
  5884 | D:5      | Found a basalt altar of Yredelemnul.
  5993 | D:5      | Reached skill level 1 in Maces & Flails
  5993 | D:5      | Reached skill level 5 in Shields
  5993 | D:5      | Reached skill level 1 in Invocations
  6281 | D:5      | Found a white marble altar of Elyvilon.
  6858 | D:5      | Killed Grinder
  6859 | D:5      | Reached skill level 5 in Fighting
  7155 | D:7      | Reached XP level 9. HP: 79/79 MP: 10/10
  7165 | D:7      | Reached ** piety under Okawaru
  7408 | D:7      | Noticed Dowan
  7416 | D:7      | Noticed Duvessa
  7447 | D:7      | Killed Duvessa
  7454 | D:7      | Killed Dowan
  7667 | D:7      | Found a runed translucent door.
  7668 | D:7      | Noticed Crazy Yiuf
  7672 | D:7      | Killed Crazy Yiuf
  8274 | D:8      | Noticed a cyclops
  8519 | D:8      | You fall into a shaft and drop 3 floors!
  8528 | D:10     | Entered Level 10 of the Dungeon
  8547 | D:10     | Reached *** piety under Okawaru
  8564 | D:9      | Identified the Reference Book on Heat and Calling
  8670 | D:8      | Found a staircase to the Lair.
  9038 | D:8      | Reached XP level 10. HP: 69/89 MP: 13/13
  9264 | D:9      | Reached skill level 5 in Invocations
  9272 | D:9      | Reached **** piety under Okawaru
  9400 | D:9      | Identified the Disquisition on Toxins and Enchantment
  9704 | D:9      | Reached skill level 5 in Maces & Flails
 10103 | D:9      | Noticed a cyclops
 10473 | D:9      | Killed a cyclops
 11044 | D:11     | Noticed an obsidian statue
 11080 | D:11     | Reached ***** piety under Okawaru
 11569 | D:10     | Reached XP level 11. HP: 86/100 MP: 15/15
 11596 | D:10     | Received a gift from Okawaru
 11742 | D:10     | Got a transparent crystal amulet
 11836 | D:10     | Gained mutation: You evolve. [potion of mutation]
 11836 | D:10     | Gained mutation: Your magical capacity is low. (-10% MP)
                  | [potion of mutation]
 11836 | D:10     | Gained mutation: You can translocate small distances at
                  | will. [potion of mutation]
 12094 | D:10     | Noticed a two-headed ogre
 12112 | D:10     | Killed a two-headed ogre
 12112 | D:10     | Received a gift from Okawaru
 12438 | D:10     | Gained mutation: You have sharp fingernails. [evolution]
 12768 | D:10     | Received a gift from Okawaru
 12932 | D:11     | Noticed an unseen horror
 12937 | D:11     | Killed an unseen horror
 12955 | D:11     | Found Deeluy's Assorted Antiques.
 13029 | D:11     | Noticed a two-headed ogre
 13058 | D:11     | Killed a two-headed ogre
 13448 | D:11     | Found a staircase to the Orcish Mines.
 13509 | D:11     | Noticed a boulder beetle
 13514 | D:11     | Killed a boulder beetle
 13595 | D:11     | Noticed Maurice
 13601 | D:11     | Killed Maurice
 13698 | D:11     | Noticed a frost giant
 13698 | D:11     | Noticed a red ugly thing
 13850 | Lair:1   | Entered Level 1 of the Lair of Beasts
 13962 | Lair:1   | Found a gate leading to a gauntlet.
 13972 | Gauntlet | Entered a Gauntlet
 13972 | Gauntlet | Found a transporter.
 13972 | Gauntlet | Found a runed translucent door.
 13972 | Gauntlet | Found a transporter.
 13972 | Gauntlet | Found a runed translucent door.
 13973 | Gauntlet | Found a transporter.
 13974 | Gauntlet | Found a transporter.
 13975 | Gauntlet | Found a transporter.
 13975 | Gauntlet | Noticed a soul eater
 13977 | Gauntlet | Found a transporter.
 13981 | Gauntlet | Found a runed translucent door.
 13981 | Gauntlet | Found a runed translucent door.
 13983 | Gauntlet | Found a transporter.
 13985 | Gauntlet | Found a transporter.
 13986 | Gauntlet | Found a transporter.
 13988 | Gauntlet | Found a transporter.
 13990 | Gauntlet | Noticed a thrashing horror
 13994 | Gauntlet | Noticed a death yak
 13996 | Gauntlet | Found a transporter.
 13996 | Gauntlet | Found a transporter.
 13996 | Gauntlet | Noticed a death yak
 13996 | Gauntlet | Noticed a death yak
 13997 | Gauntlet | Noticed a death yak
 14080 | Gauntlet | Reached XP level 12. HP: 111/111 MP: 14/14
 14295 | Gauntlet | Identified the cursed +1 plate armour of Yppeq {Rampage}
 14295 | Gauntlet | Noticed a minotaur
 14303 | Gauntlet | Killed a minotaur
 14339 | Lair:1   | Noticed a six-headed hydra
 14389 | Lair:1   | Killed a six-headed hydra
 14389 | Lair:1   | Reached ****** piety under Okawaru
 14812 | Lair:1   | Received a gift from Okawaru
 14813 | Lair:1   | Reached skill level 10 in Fighting
 15349 | Lair:3   | Identified the amulet "Lamappyc" {rPois Regen+ Str-2 Dex+2
                  | Stlth+} (You found it on level 10 of the Dungeon)
 15431 | Lair:3   | You fall into a shaft and drop 2 floors!
 15767 | Lair:3   | Gained mutation: Your system is resistant to poisons.
                  | (rPois) [evolution]
 15767 | Lair:3   | Lost mutation: You evolve. [end of evolution]
 17245 | Lair:4   | Received a gift from Okawaru
 17272 | Lair:4   | Reached XP level 13. HP: 96/121 MP: 15/15
 17571 | Lair:4   | Found a hole to the Spider Nest.
 17676 | Lair:4   | Received a gift from Okawaru
 17752 | Lair:4   | Reached skill level 10 in Maces & Flails
 17834 | Lair:3   | Reached skill level 10 in Armour
 18121 | Lair:4   | Reached skill level 10 in Shields
 18249 | Lair:4   | Found a staircase to the Swamp.
 18763 | Lair:5   | Identified Sif Muna's Compendium of Dusty Orientation
 18944 | Lair:5   | Received a gift from Okawaru
 19465 | Lair:6   | Entered Level 6 of the Lair of Beasts
 19620 | Lair:6   | Reached XP level 14. HP: 131/133 MP: 16/16
 19699 | Lair:6   | Found a runed translucent door.
 19699 | Lair:6   | Found a viscous altar of Jiyva.
 19699 | Lair:6   | Found a staircase to the Slime Pits.
 19875 | Lair:6   | Found a runed translucent door.
 19876 | Lair:6   | Noticed Joqeck's ghost (journeyman HaHu)
 20136 | Lair:5   | Received a gift from Okawaru
 20145 | Lair:5   | Got a masterwork hat {god gift}
 20155 | Lair:5   | Identified the +0 hat "Xidwotif" {+Inv Str-2 Int+3 Dex+5}
                  | (Okawaru gifted it to you on level 5 of the Lair of Beasts)
 21321 | Lair:5   | Killed Joqeck's ghost
 22206 | D:11     | Killed a frost giant
 22206 | D:11     | Received a gift from Okawaru
 23270 | Orc:1    | Entered Level 1 of the Orcish Mines
 23388 | Orc:2    | Entered Level 2 of the Orcish Mines
 23414 | Orc:2    | Found a roughly hewn altar of Beogh.
 23695 | Orc:2    | Found a staircase to the Elven Halls.
 23767 | Orc:1    | Noticed Snorg
 23778 | Orc:2    | Killed Snorg
 24762 | Orc:2    | Received a gift from Okawaru
 24763 | Orc:2    | Reached XP level 15. HP: 126/143 MP: 17/17
 24836 | Orc:2    | Found Guengod's Magic Scroll Shoppe.
 24836 | Orc:2    | Found Pata Tel's Jewellery Boutique.
 24838 | Orc:2    | Found Ofaff's Book Boutique.
 24838 | Orc:2    | Found Commoappi's Antique Armour Shoppe.
 24847 | Orc:2    | Bought the +2 ratskin cloak {*Rats rPois rN+ Str-1 Int-1
                  | Dex+1} for 722 gold pieces
 24847 | Orc:2    | Found the +2 ratskin cloak {*Rats rPois rN+ Str-1 Int-1
                  | Dex+1}
 24865 | Orc:2    | Bought a scroll of teleportation for 39 gold pieces
 24865 | Orc:2    | Bought a scroll of remove curse for 39 gold pieces
 24865 | Orc:2    | Bought a scroll of remove curse for 39 gold pieces
 24865 | Orc:2    | Bought a scroll of fog for 26 gold pieces
 24865 | Orc:2    | Bought a scroll of fog for 26 gold pieces
 24865 | Orc:2    | Bought a scroll of magic mapping for 45 gold pieces
 24865 | Orc:2    | Bought a scroll of identify for 26 gold pieces
 24865 | Orc:2    | Bought a scroll of immolation for 45 gold pieces
 24865 | Orc:2    | Bought a scroll of magic mapping for 45 gold pieces
 25160 | D:12     | Noticed Frances
 25185 | D:12     | Killed Frances
 25344 | D:12     | Found a sacrificial altar of Ru.
 25424 | D:12     | Found Meythuh's Book Shop.
 25578 | D:12     | Noticed Psyche
 25581 | D:12     | Killed Psyche
 25581 | D:12     | Received a gift from Okawaru
 25859 | D:13     | Found Ogoufus's Armour Shop.
 25921 | D:13     | Paralysed by an orc wizard for 7 turns
 26591 | D:13     | Found a gate to the Vaults.
 27561 | D:14     | Found a portal to a secret trove of treasure.
 27924 | D:14     | Received a gift from Okawaru
 28235 | D:14     | Found a glowing golden altar of the Shining One.
 28829 | D:15     | Entered Level 15 of the Dungeon
 29541 | D:15     | Received a gift from Okawaru
 29552 | D:15     | Got a twisted eveningstar {god gift}
 29552 | D:15     | Identified the +1 eveningstar "Bepanto" {drain, rPois
                  | Dex+5} (Okawaru gifted it to you on level 15 of the
                  | Dungeon)
 30062 | D:15     | Reached XP level 16. HP: 104/155 MP: 18/18
 30236 | D:15     | Found a staircase to the Depths.
 31332 | Spider:1 | Entered Level 1 of the Spider Nest
 31747 | Spider:1 | Received a gift from Okawaru
 31759 | Spider:1 | Got a bloodstained barding {god gift}
 31769 | Spider:1 | Identified the +0 barding of Trumpets {rN++ Regen+}
                  | (Okawaru gifted it to you on level 1 of the Spider Nest)
 32955 | Spider:2 | Got a distressingly furry buckler
 32965 | Spider:2 | Identified the cursed -5 buckler "Seloliz" {+Blink rC-
                  | Int+4} (You found it on level 2 of the Spider Nest)
 34244 | Spider:4 | Entered Level 4 of the Spider Nest
 34336 | Spider:4 | Received a gift from Okawaru
 34542 | Spider:4 | Reached XP level 17. HP: 138/164 MP: 19/19
 34689 | Spider:4 | Reached skill level 15 in Fighting
 35665 | Spider:4 | Got a gossamer rune of Zot
 35955 | Swamp:1  | Entered Level 1 of the Swamp
 36008 | Lair:4   | Received a gift from Okawaru
 36394 | Swamp:1  | Found an ornate altar of the Wu Jian Council.
 36578 | Swamp:1  | Reached skill level 15 in Maces & Flails
 37220 | Swamp:2  | Received a gift from Okawaru
 37225 | Swamp:3  | Found a transporter.
 37593 | Swamp:3  | Found a transporter.
 37890 | Swamp:3  | Got a glittering golden amulet
 37913 | Swamp:3  | Identified the amulet "Viopsodd" {Faith rElec Will++ Dex-5
                  | Stlth+} (You found it on level 3 of the Swamp)
 37922 | Swamp:4  | Entered Level 4 of the Swamp
 38424 | Swamp:4  | Reached XP level 18. HP: 63/177 MP: 19/19
 38601 | Swamp:3  | Received a gift from Okawaru
 39033 | Swamp:4  | Got a decaying rune of Zot
 39461 | Vaults:1 | Entered Level 1 of the Vaults
 40104 | Vaults:1 | Received a gift from Okawaru
 41465 | Vaults:1 | Received a gift from Okawaru
 41538 | Vaults:1 | Reached XP level 19. HP: 186/186 MP: 20/20
 41538 | Vaults:1 | Got a scorched crystal plate armour {god gift}
 41550 | Vaults:1 | Identified the +13 crystal plate armour "Daybaun" {Regen+
                  | Dex+4} (Okawaru gifted it to you on level 1 of the Vaults)
 41834 | Vaults:2 | Found Mosampum's Magic Scroll Boutique.
 41839 | Vaults:2 | Found a staircase to the Crypt.
 41913 | Vaults:2 | Bought a scroll of identify for 32 gold pieces
 41913 | Vaults:2 | Bought a scroll of remove curse for 48 gold pieces
 41913 | Vaults:2 | Bought a scroll of enchant weapon for 120 gold pieces
 41913 | Vaults:2 | Bought a scroll of remove curse for 48 gold pieces
 41913 | Vaults:2 | Bought a scroll of silence for 120 gold pieces
 41913 | Vaults:2 | Bought a scroll of teleportation for 48 gold pieces
 42028 | Vaults:2 | Reached skill level 15 in Armour
 42343 | Vaults:2 | Reached skill level 15 in Shields
 42350 | Vaults:2 | Received a gift from Okawaru
 43391 | Vaults:3 | Identified the +4 spear "Xiroaro" {protect, +Rage rElec
                  | Str+4}
 43451 | Vaults:3 | Received a gift from Okawaru
 43756 | Vaults:3 | Received a gift from Okawaru
 43763 | Vaults:3 | Reached XP level 20. HP: 197/197 MP: 21/21
 43763 | Vaults:3 | Got a steaming barding {god gift}
 43821 | Vaults:3 | Identified the +4 barding of the Hanged Man {+Inv} (Okawaru
                  | gifted it to you on level 3 of the Vaults)
 44538 | Vaults:4 | Found a flickering gateway to a bazaar.
 44580 | Bazaar   | Entered a bazaar
 44596 | Bazaar   | Found Juext's Book Boutique.
 44596 | Bazaar   | Found Warie's Antique Weapon Shop.
 44628 | Bazaar   | Found Ytoifazxo's Gadget Shop.
 44649 | Bazaar   | Found Caw Piacluis's Antique Armour Boutique.
 44668 | Bazaar   | Bought a shiny helmet for 202 gold pieces
 44668 | Bazaar   | Bought a pair of runed gloves for 202 gold pieces
 44741 | Bazaar   | Bought a book of Spatial Translocations for 845 gold pieces
 44995 | Vaults:4 | Noticed Frederick
 45187 | Vaults:3 | Killed Frederick
 45375 | Vaults:4 | Received a gift from Okawaru
 45397 | Vaults:4 | Identified the +8 war axe of Quxtuss {vorpal, Will+}
                  | (Okawaru gifted it to you on level 4 of the Vaults)
 46173 | Vaults:4 | Received a gift from Okawaru
 46197 | Vaults:4 | Identified the +4 kite shield "Geciq" {rCorr Int-3 Dex+4}
                  | (Okawaru gifted it to you on level 4 of the Vaults)
 46494 | Elf:1    | Entered Level 1 of the Elven Halls
 46810 | Elf:1    | Found Hoff's Antique Weapon Shop.
 47203 | Elf:2    | Found the +3 warlock's mirror {reflect}
 47206 | Elf:2    | Found a transporter.
 47208 | Elf:2    | Noticed Hiliwumm's ghost (veteran MiGl)
 47246 | Elf:2    | Found a transporter.
 47322 | Elf:2    | Found a runed translucent gate.
 47322 | Elf:2    | Found a runed translucent gate.
 47322 | Elf:2    | Found a runed translucent gate.
 47492 | Elf:2    | Reached XP level 21. HP: 193/208 MP: 22/22
 47512 | Elf:2    | Received a gift from Okawaru
 48095 | Elf:2    | Noticed Azrael
 48139 | Elf:2    | Received a gift from Okawaru
 48155 | Elf:2    | Killed Azrael
 48451 | Elf:3    | Entered Level 3 of the Elven Halls
 48792 | Elf:3    | Found Inewn's Distillery.
 48797 | Elf:3    | Found Ivaoguib's Gadget Shoppe.
 48800 | Elf:3    | Bought a potion of magic for 88 gold pieces
 48800 | Elf:3    | Bought a potion of heal wounds for 55 gold pieces
 48800 | Elf:3    | Bought a potion of curing for 33 gold pieces
 48800 | Elf:3    | Bought a potion of curing for 33 gold pieces
 48800 | Elf:3    | Bought a potion of resistance for 110 gold pieces
 48800 | Elf:3    | Bought a potion of curing for 33 gold pieces
 48804 | Elf:3    | Bought a wand of digging (7) for 308 gold pieces
 48836 | Elf:3    | Reached XP level 22. HP: 218/218 MP: 23/23
 49029 | Elf:3    | Received a gift from Okawaru
 49420 | Elf:3    | Identified the Disquisition on Destructive Poisoning
 49422 | Elf:3    | Identified Pink's Volume of Freezing Flight
 49430 | Elf:3    | Identified the Papyrus of Poisoning and Curses
 49483 | Elf:3    | Identified Gieqy's Guide on Arcane Weapons and Heat
 49489 | Elf:3    | Identified A Primer on Theurgy
 49510 | Elf:3    | Identified the +10 mace "Coicied" {freeze, Will+ Str+2}
                  | (You found it on level 3 of the Elven Halls)
 49704 | Elf:3    | Found Yzuet's Weapon Boutique.
 50343 | Depths:1 | Entered Level 1 of the Depths
 50859 | Depths:1 | You fall into a shaft and drop 1 floor!
 50989 | Depths:2 | Received a gift from Okawaru
 50992 | Depths:2 | Got a scorched barding {god gift}
 51026 | Depths:2 | Found Idue's Antique Armour Shop.
 51113 | Depths:2 | Identified the +0 barding of the Tired Knives {rCorr Str+3}
                  | (Okawaru gifted it to you on level 2 of the Depths)
 51190 | Depths:2 | Reached XP level 23. HP: 226/227 MP: 24/24
 51643 | Depths:1 | Found a one-way gate leading to the halls of Pandemonium.
 51952 | Depths:1 | Found a gateway to Hell.
 52234 | Depths:1 | Found a corrupted altar of Lugonu.
 52238 | Depths:1 | Found a one-way gate to the infinite horrors of the Abyss.
 52824 | Depths:2 | Identified the amulet of Liceabbo {Faith rF+ Dex+4}
 52831 | Depths:2 | Received a gift from Okawaru
 52941 | Depths:2 | Found Petosmaan's Book Shop.
 53195 | Depths:3 | Paralysed by a floating eye for 2 turns
 53658 | Depths:3 | Received a gift from Okawaru
 53825 | Depths:3 | Paralysed by a floating eye for 4 turns
 54110 | Depths:3 | Identified the Tome of Enchantment
 54125 | Depths:3 | Noticed a caustic shrike
 54139 | Depths:3 | Killed a caustic shrike
 54579 | Depths:3 | Received a gift from Okawaru
 54580 | Depths:3 | Found the +8 orange crystal plate armour {Archmagi, Int+3
                  | Clar}
 54777 | Depths:3 | Reached XP level 24. HP: 239/239 MP: 24/24
 54846 | Depths:3 | Identified the Almanac of Black Arts
 54856 | Depths:3 | Noticed an ancient lich
 54878 | Depths:3 | Killed an ancient lich
 54991 | Depths:3 | Found a gateway to a ziggurat.
 55406 | Depths:4 | Found the +3 hat of Pondering {ponderous, Will+ MP+10
                  | Int+5}
 55434 | Depths:4 | Noticed Jory
 55456 | Depths:4 | Killed Jory
 55968 | Depths:4 | Identified the +1 leather armour of Incorporation {rF++
                  | rCorr Int-5}
 56061 | Depths:5 | Entered Level 5 of the Depths
 56128 | Depths:4 | Received a gift from Okawaru
 56549 | Depths:5 | Found Ateinuin's Gadget Shop.
 56549 | Depths:5 | Found Duidou's Jewellery Emporium.
 56550 | Depths:5 | Found Degy's Gadget Shop.
 56599 | Depths:5 | Received a gift from Okawaru
 57571 | Depths:5 | Found a gate to the Realm of Zot.
 57956 | Crypt:1  | Entered Level 1 of the Crypt
 58065 | Crypt:1  | Received a gift from Okawaru
 58929 | Crypt:1  | Reached XP level 25. HP: 251/251 MP: 24/24
 59242 | Crypt:2  | Received a gift from Okawaru
 59715 | Crypt:2  | Received a gift from Okawaru
 59989 | Crypt:3  | Entered Level 3 of the Crypt
 60715 | Crypt:3  | Found a staircase to the Tomb.
 60769 | Tomb:1   | Entered Level 1 of the Tomb of the Ancients
 61315 | Tomb:1   | Noticed a royal mummy
 61334 | Tomb:1   | Killed a royal mummy
 61612 | Tomb:1   | Noticed a royal mummy
 61631 | Tomb:1   | Received a gift from Okawaru
 61639 | Tomb:1   | Noticed a royal mummy
 61639 | Tomb:1   | Noticed a royal mummy
 61639 | Tomb:1   | Noticed a royal mummy
 61640 | Tomb:1   | Noticed a royal mummy
 61640 | Tomb:1   | Noticed a royal mummy
 61644 | Tomb:2   | Noticed a royal mummy
 61645 | Tomb:2   | Noticed a royal mummy
 61654 | Tomb:2   | Lost intelligence.
 61656 | Tomb:2   | Slain by a death scarab

Illustrated notes

Levels and vault maps discovered:
D:1:      ebering_trefoil_twist, layout_loops_ring, dk_noncrumbling_4,
          hangedman_decor_diamond_cutter, serial_bayou_crossing
D:2:      layout_rooms, cheibriados_altar_1, fedhas_altar_3
D:3:      layout_rooms, nzn_hepliaklqana_mist_gate, lemuel_crystal_altar,
          pdpol_wu_jian_five_deadly_venoms, uniq_terence
D:4:      layout_rooms, demons_altar, minmay_temple_entry_fiery, st_stairs_12
D:5:      layout_loops_ring, kennysheep_ying_yang, basic_altar, chequers_garden,
          uniq_grinder
D:6:      layout_loops_ring, grunt_temple_overflow_bloody_war,
          grunt_temple_overflow_opulence, gammafunk_temple_overflow_elements,
          serial_shops, shop, uniq_pikel
D:7:      cheibrodos_quashed, layout_basic, uniq_crazy_yiuf_cottage,
          uniq_duvessa
D:8:      layout_loops_ring, lair_entry_dummy
D:9:      layout_loops_ring, minmay_parallelograms, lightli_minifort
D:10:     layout_loops_ring
D:11:     nzn_winding_woodlands_stair_cross [nzn_winding_woodlands_5x15_parted,
          nzn_winding_woodlands_center_triple_pond,
          nzn_winding_woodlands_5x15_split_checker,
          nzn_winding_woodlands_5x5_closed_star,
          nzn_winding_woodlands_5x5_open_star,
          nzn_winding_woodlands_5x15_concentric,
          nzn_winding_woodlands_center_pierced_h,
          nzn_winding_woodlands_5x15_default], layout_stronghold, serial_shops,
          nicolae_shop_overgrown_old_shop, minivault_16, uniq_maurice
D:12:     layout_roguey, serial_shops, nicolae_shop_statue_plus,
          nicolae_ru_the_path_less_chosen, uniq_frances, uniq_psyche
D:13:     layout_loops_ring, skrybe_vaults_entry_preservation, serial_shops,
          nicolae_shop_trees
D:14:     layout_stronghold, tso_altar, trove_entry_hex_spiral
D:15:     grunt_enter_depths_hoard, layout_stronghold
Temple:   jpeg_temple_island
Lair:1:   layout_loops_ring, gauntlet_entry_generic, beast_lair_carwin_4,
          grunt_megastairs_5
Lair:2:   layout_cave_shapes
Lair:3:   layout_cave_pods
Lair:4:   beast_lair_carwin_large_3, layout_cave_pods, swamp_mist,
          dummy_spider_entry, minmay_lindwurm_lava
Lair:5:   layout_roguey
Lair:6:   minmay_lair_end_frog_pond, layout_misc_corridors, slime_altar_2,
          ebering_ghost_inner_flame, serial_forest,
          infiniplex_forest_lined_4_way, infiniplex_forest_clump_tiny,
          infiniplex_forest_clump_curved, infiniplex_forest_clump_double,
          infiniplex_forest_clump_diagonal, infiniplex_forest_end_1,
          infiniplex_forest_lined_2
Swamp:1:  layout_falls_marsh, nicolae_swamp_godswood, st_swamp_mini
Swamp:2:  layout_basic_swamp, infiniplex_staircase_pool, swamp_pool1
Swamp:3:  gammafunk_worm_tunnel, layout_basic_swamp,
          evilmike_swamp_ruin_house_6, swamp_pool1, infiniplex_staircase_pool_2
Swamp:4:  swamp, layout_basic_swamp, swamp_pool3
Spider:1: layout_chambers
Spider:2: layout_spider_delve, minivault_29
Spider:3: layout_spider_delve
Spider:4: spider_rune_water, drop_trap, spiders_nest_ghost_moth_duel
Orc:1:    layout_caves, uniq_snorg
Orc:2:    grunt_orc_tribal_feast, layout_caves, basic_altar,
          nicolae_orc_stony_grotto
Elf:1:    elf_arrival_001, layout_geoelf_octagon, serial_shops,
          nicolae_shop_trees, kennysheep_underground_church
Elf:2:    layout_rooms, gammafunk_ghost_arena, uniq_azrael
Elf:3:    minmay_elf_hall, layout_onion_city, serial_shops, shop,
          minmay_shop_star
Vaults:1: v_alt_pattern_4, vaults_room_corners, nicolae_vaults_hallways_thing,
          v_misc_11, hangedman_vaults_impose, nicolae_vaults_puzzle_piece,
          v_misc_9, vaults_room_grid, v_misc_33,
          nicolae_vaults_yaktaur_gun_rack, v_misc_23, v_misc_15,
          ontoclasm_vaults_pinch, layout_vaults_ring
Vaults:2: hangedman_vaults_stitches, hangedman_vaults_corner,
          minmay_crypt_entry_simple_corners, nicolae_vaults_network_s,
          hangedman_vaults_trim, grunt_vaults_funnel, vaults_mumra_chevron,
          nicolae_vaults_rhombus_6, vaults_room_stairs_pillars,
          vaults_room_fours, v_misc_17, layout_vaults_omnicross, serial_shops,
          shop
Vaults:3: st_hourglassy, v_misc_10, vaults_dpeg_diagonal, v_pattern_3,
          nicolae_vaults_ring_of_whatevers, ontoclasm_vaults_decontamination,
          v_alt_pattern_5, dpeg_vaults_monster_row, vaults_room_hallway,
          hangedman_vaults_hat, nicolae_vaults_little_squares_1,
          hangedman_vaults_trim, vaults_room_pool,
          nicolae_vaults_big_angled_halls, vaults_room_fancy_cross,
          vaults_room_grid, layout_vaults_maze_snakey
Vaults:4: v_misc_18, ontoclasm_vaults_shuriken, v_rooms_5,
          vaults_room_hangedman_quadrants, vaults_dpeg_encased_lava, v_misc_27,
          v_misc_5, nicolae_vaults_alarming, vaults_room_corners,
          ontoclasm_vaults_claustrophobia, nicolae_vaults_gold_heap,
          nicolae_vaults_diagonal_hallway_7, v_misc_22, ontoclasm_vaults_tryst,
          layout_vaults_omnibox, serial_shops, bzr_entry_gold, uniq_frederick
Crypt:1:  layout_misc_corridors, st_stairs_4, grunt_crypt_arrival_webbed
Crypt:2:  layout_misc_corridors
Crypt:3:  evilmike_haunted_forest
Tomb:1
Tomb:2
Depths:1: layout_basic, abyss_entry_flame_altar, grunt_mini_vestibule,
          grunt_pan_entry_sceptre, roderic_serpentine_path,
          serial_sigils_hangedman_scar, grunt_ministairs_4,
          serial_sigils_hangedman_shear, hex_large
Depths:2: minmay_the_grid_octo_tiled_octocenter [minmay_the_grid_octo_checkered,
          minmay_the_grid_octo_focus, minmay_the_grid_octo_odd_swirl,
          minmay_the_grid_octo_77, minmay_the_grid_octo_prize_single_spiral,
          minmay_the_grid_square_5x5_detours, minmay_the_grid_square_5x5_z,
          minmay_the_grid_square_5x5_spiral,
          minmay_the_grid_square_5x5_sharp_hourglass], layout_cave_pools,
          hell_entry, nrook_mini_backslash, serial_shops, shop_fountains, shop,
          serial_bayou_shore_b
Depths:3: nicolae_legendary_halls, layout_gridlike, enter_ziggurat_f,
          hangedman_coc_ice_floe, rand_demon_pan_entry_5, special_room
          [special_room_morgue], grunt_megastairs_2
Depths:4: abrahamwl_protected_by_tso_1, layout_basic, abyss_entry, hell_entry,
          minmay_mirror_moons_of_madness, uniq_jory
Depths:5: grunt_zot_entry_pinwheel, layout_gridlike, hellmouth_3,
          minmay_shop_grove

Skill      XL: |  1  2  3  4  5  6  7  8  9 10 11 12 13 14 15 16 17 18 19 20 21 22 23 24 25 |
---------------+----------------------------------------------------------------------------+-----
Armour         | 3 5 6 7 8 9 10 11 12 13 14 15 16 17 18 19 | 19.0
Shields        | 3 4 5 6 7 8 9 10 11 12 13 14 15 16 17 18 | 18.9
Long Blades    | 3 4 5 |  5.7
Dodging        | 1 |  1.9
Fighting       | 4 5 6 7 9 10 11 12 13 14 15 16 17 18 19 20 21 | 21.6
Maces & Flails | 2 4 6 8 9 11 12 13 14 15 16 17 18 19 20 21 | 21.2
Invocations    | 2 4 5 |  5.5
Stealth        | |  0.3

Action                   |  1- 3 |  4- 6 |  7- 9 | 10-12 | 13-15 | 16-18 | 19-21 | 22-24 | 25-27 || total
-------------------------+-------+-------+-------+-------+-------+-------+-------+-------+-------++-------
Melee: Long sword        |    97 |   163 |    85 |       |       |       |       |       |       ||   345
       Tailslap          |     6 |    11 |    29 |   129 |   354 |   375 |   337 |   618 |   241 ||  2100
       Mace              |       |       |   206 |   641 |  1288 |  1597 |  1422 |  1984 |   709 ||  7847
Invok: Heroism           |       |       |       |     2 |     1 |       |       |       |     3 ||     6
 Abil: Rolling Charge    |    20 |    25 |    35 |    52 |    95 |   155 |    46 |    62 |    30 ||   520
       Blink             |       |       |       |     1 |     7 |     5 |       |       |       ||    13
Evoke: Box of beasts     |       |       |       |     1 |       |       |       |       |       ||     1
       Tin of tremorston |       |       |       |       |       |     4 |       |       |       ||     4
       Wand              |       |       |       |       |       |     1 |       |     1 |       ||     2
  Use: Potion            |       |     1 |       |     4 |    10 |     1 |     4 |       |     2 ||    22
       Scroll            |       |       |     3 |     8 |    10 |     9 |     8 |     1 |     5 ||    44
 Stab: Invisible         |       |       |       |       |     3 |       |       |       |       ||     3
       Distracted        |       |       |       |       |       |       |     1 |     4 |       ||     5
Armor: Scale mail        |    54 |    62 |    72 |       |       |       |       |       |       ||   188
       Chain mail        |       |       |    47 |   269 |   521 |   991 |       |       |       ||  1828
       Crystal plate arm |       |       |       |       |       |       |   519 |   890 |   566 ||  1975
Dodge: Dodged            |    15 |    42 |    64 |   162 |   272 |   282 |    81 |   121 |   110 ||  1149
Block: Kite shield       |    47 |    72 |   166 |   336 |   769 |   452 |   297 |  1314 |   819 ||  4272
       Tower shield      |       |       |       |       |       |  1009 |   801 |       |       ||  1810
       Rpst.: Long sword |     5 |    10 |     7 |       |       |       |       |       |       ||    22
